 Dungeon Crawl Stone Soup version 0.21.0-22-g11d5b52 (webtiles) character file.

1993 Faca the Cleaver (level 9, -5/82 HPs)
             Began as a Hill Orc Fighter on Jan 18, 2018.
             Was a Believer of Beogh.
             Slain by an orc warrior
             ... wielding a +0 glaive
              (8 damage)
             ... on level 8 of the Dungeon.
             The game lasted 00:14:45 (6826 turns).

Faca the Cleaver (Hill Orc Fighter)                 Turns: 6826, Time: 00:14:46

Health: -5/82      AC: 12    Str: 20    XL:     9   Next: 21%
Magic:  9/9        EV:  5    Int:  8    God:    Beogh [**....]
Gold:   213        SH:  9    Dex: 12    Spells: 8/8 levels left

rFire    . . .     SeeInvis +   a - +0 war axe
rCold    . . .     Gourm    .   c - +0 shield
rNeg     . . .     Faith    .   g - +0 chain mail
rPois    .         Spirit   .   A - +2 helmet of the Tired Yaks {+Fly Slay+2}
rElec    .         Reflect  .   (no cloak)
rCorr    .         Harm     .   (no gloves)
MR       .....                  (no boots)
Stlth    ..........             (no amulet)
HPRegen  0.23/turn              o - ring of flight
MPRegen  0.11/turn              u - ring of see invisible

@: no status effects
A: no striking features
a: Smiting, Renounce Religion, Evoke Flight


You were on level 8 of the Dungeon.
You worshipped Beogh.
Beogh was pleased with you.
You were not hungry.

You visited 1 branch of the dungeon, and saw 9 of its levels.

You collected 441 gold pieces.
You spent 228 gold pieces at shops.

Inventory:

Hand Weapons
 a - a +0 war axe (weapon)
 d - a +1 flail of protection
Missiles
 b - 8 tomahawks
 m - 7 javelins (quivered)
Armour
 c - a +0 shield (worn)
 g - a +0 chain mail (worn)
 x - a +0 plate armour
 A - the +2 helmet of the Tired Yaks (worn) {+Fly Slay+2}
   (You bought it in a shop on level 6 of the Dungeon)

   It affects your accuracy and damage with ranged weapons and melee attacks
   (+2).
   It lets you fly.
Jewellery
 o - a ring of flight (left hand)
 u - a ring of see invisible (right hand)
Wands
 p - a wand of disintegration (7)
 B - a wand of polymorph (17)
Scrolls
 e - a scroll of remove curse
 i - a scroll of random uselessness {unknown}
 n - a scroll of fear
 q - 3 scrolls of magic mapping
 s - a scroll of noise {unknown}
 t - 2 scrolls of teleportation
 y - a scroll of enchant weapon {unknown}
Potions
 h - a potion of mutation
 j - a potion of cancellation {unknown}
 k - a potion of invisibility
 r - 3 potions of lignification
 v - 2 potions of magic
 w - a potion of flight {unknown}
 z - a potion of brilliance
Comestibles
 f - 6 rations


   Skills:
 + Level 8.9 Fighting
 * Level 12.4 Axes
 - Level 3.2 Armour
 - Level 3.2 Shields


You had 8 spell levels left.
You didn't know any spells.

Dungeon Overview and Level Annotations

Branches:
Dungeon (9/15)             Temple (0/1) D:5
   Lair: D:8-11         Orc: D:9-12

Altars:
Elyvilon
Hepliaklqana
Nemelex Xobeh
Okawaru
Qazlal
Trog
The Shining One

Shops:
D:6 ![

Annotations:
D:3 inqbanana's ghost, amateur MfGl


Message History

The orc warrior is severely wounded.
The orc warrior hits you with a glaive!
Your shield and chain mail prevent you from hitting the orc warrior.
The orc warrior is severely wounded.
The orc warrior hits you with a glaive!
* * * LOW HITPOINT WARNING * * *
You hit the orc warrior.
The orc warrior is almost dead.
The orc warrior hits you with a glaive!
* * * LOW HITPOINT WARNING * * *
You closely miss the orc warrior.
The orc warrior is almost dead.
You closely miss the orc warrior.
The orc warrior is almost dead.
You block the orc warrior's attack.
You barely miss the orc warrior.
The orc warrior is almost dead.
The orc warrior hits you with a glaive!
You die...
Beogh appreciates the orc warrior's killing of a heretic priest.

#o..... #...... #......
##### #...... ##...#
#...... # #..#.#
#..#### #..
#.##.####.###
#...(######.##........#
........@oo...........#
.......###†###.......)#
....##. ...##..#..####
... #. ....###.#.>.##
## . ##.....#
#.....)#... #...$.#
###...).... ###...#
#..........
..........###..##
###...# #...


You could see an orc warrior and an orc.

Vanquished Creatures
  Sigmund (D:6)
  Edmund (D:4)
  Menkaure (D:6)
  Duvessa (D:6)
  An eye of draining (D:7)
  An orc warrior (D:9)
  An ice beast (D:7)
  2 ogres
  2 centaurs
  A bullfrog (D:8)
  Dowan (D:6)
  A scorpion (D:8)
  2 howler monkeys (D:8)
  A crimson imp (D:5)
  A centaur zombie (D:5)
  A centaur skeleton (D:5)
  4 hounds
  2 orc priests
  3 orc wizards
  Natasha (thrice) (D:2)
  A worker ant (D:5)
  7 adders
  A howler monkey skeleton (D:5)
  2 shadow imps
  A white imp (D:6)
  4 worms
  2 dart slugs
  5 leopard geckos
  15 orcs
  4 giant cockroaches
  6 goblins
  4 hobgoblins
  6 jackals
  5 quokkas
  A ball python (D:2)
  5 bats
  5 frilled lizards
  2 goblin skeletons (D:6)
  5 hobgoblin zombies (D:6)
  2 jackal skeletons
  6 kobolds
  A leopard gecko zombie (D:5)
  An orc zombie (D:6)
  A quokka skeleton (D:4)
  12 rats
135 creatures vanquished.

Notes
Turn   | Place    | Note
-------+----------+-------------------------------------------
     0 | D:1      | Faca the Hill Orc Fighter began the quest for the Orb.
     0 | D:1      | Reached XP level 1. HP: 19/19 MP: 1/1
    31 | D:1      | Reached skill level 3 in Axes
    42 | D:1      | Reached XP level 2. HP: 27/27 MP: 2/2
   282 | D:1      | Reached skill level 4 in Axes
   284 | D:1      | Reached XP level 3. HP: 33/33 MP: 3/3
   755 | D:2      | Found a sparkling altar of Nemelex Xobeh.
   763 | D:2      | Noticed Natasha
   773 | D:2      | Killed Natasha
   773 | D:2      | Reached skill level 5 in Axes
   773 | D:2      | Reached XP level 4. HP: 8/41 MP: 4/4
   782 | D:2      | Noticed Natasha
   802 | D:2      | HP: 2/41 [Natasha/magic dart (5)]
   851 | D:2      | Killed Natasha
  1362 | D:2      | Noticed Natasha
  1371 | D:2      | Killed Natasha
  1371 | D:2      | Reached XP level 5. HP: 36/47 MP: 5/5
  1731 | D:3      | Noticed inqbanana's ghost (amateur MfGl)
  1970 | D:3      | Reached skill level 6 in Axes
  2188 | D:3      | Found a faded altar of an unknown god.
  2188 | D:3      | Found a hazy altar of Hepliaklqana.
  2193 | D:3      | Found a stormy altar of Qazlal.
  2195 | D:3      | Found an iron altar of Okawaru.
  2197 | D:3      | Found a faded altar of an unknown god.
  2677 | D:4      | Reached skill level 5 in Fighting
  2923 | D:4      | Noticed Edmund
  2953 | D:4      | Killed Edmund
  2953 | D:4      | Reached skill level 7 in Axes
  2953 | D:4      | Reached XP level 6. HP: 20/56 MP: 1/6
  3302 | D:4      | Became a worshipper of Beogh the Brigand
  3558 | D:5      | Entered Level 5 of the Dungeon
  3713 | D:5      | Reached skill level 8 in Axes
  3713 | D:5      | Reached XP level 7. HP: 63/63 MP: 7/7
  3774 | D:5      | Found a staircase to the Ecumenical Temple.
  4221 | D:6      | Reached skill level 9 in Axes
  4246 | D:6      | Reached * piety under Beogh
  4318 | D:6      | Noticed Menkaure
  4330 | D:6      | Killed Menkaure
  4499 | D:6      | Found a glowing golden altar of the Shining One.
  4521 | D:6      | Noticed Sigmund
  4526 | D:6      | Reached XP level 8. HP: 63/73 MP: 8/8
  4550 | D:6      | Killed Sigmund
  4550 | D:6      | Reached skill level 10 in Axes
  4709 | D:6      | Found Cuuhuat's Antique Armour Emporium.
  4718 | D:6      | Bought a faintly humming helmet for 228 gold pieces
  4728 | D:6      | Identified the +2 helmet of the Tired Yaks {+Fly Slay+2} (You bought it in a shop on level 6 of the Dungeon)
  4771 | D:6      | Noticed Duvessa
  4771 | D:6      | Noticed Dowan
  4782 | D:6      | Killed Duvessa
  4814 | D:6      | HP: 3/73 [Dowan/shard of ice (23)]
  4825 | D:6      | Killed Dowan
  5100 | D:6      | Found a white marble altar of Elyvilon.
  5619 | D:6      | Found Viumei Veewk's Distillery.
  5969 | D:7      | Reached skill level 11 in Axes
  6181 | D:7      | Found a bloodstained altar of Trog.
  6192 | D:7      | Reached ** piety under Beogh
  6251 | D:7      | You fall through a shaft for 2 floors!
  6378 | D:9      | Reached XP level 9. HP: 25/82 MP: 9/9
  6633 | D:8      | Reached skill level 12 in Axes
  6823 | D:8      | HP: 3/82 [orc warrior/glaive (12)]
  6826 | D:8      | Slain by an orc warrior

Skill      XL: |  1  2  3  4  5  6  7  8  9 |
---------------+----------------------------+-----
Axes           | 3 4 5 7 8 9 11 12 | 12.4
Fighting       | 4 5 6 7 8 |  8.9
Armour         | |  3.2
Shields        | |  3.2

Action                   |  1- 3 |  4- 6 |  7- 9 || total
-------------------------+-------+-------+-------++-------
Melee: War axe           |    89 |   224 |   267 ||   580
Invok: Convert to Beogh  |       |     1 |       ||     1
  Use: Potion            |       |     5 |     5 ||    10
       Scroll            |       |    13 |     2 ||    15
  Eat: Chunk             |       |     3 |     1 ||     4
       Ration            |       |     2 |     3 ||     5
Armor: Scale mail        |    35 |     6 |       ||    41
       Skin              |       |    28 |       ||    28
       Chain mail        |       |    62 |   108 ||   170
Dodge: Dodged            |    30 |    44 |    48 ||   122
Block: Shield            |    38 |    92 |   109 ||   239
